 Dungeon Crawl Stone Soup version 0.29-a0-830-gcb1280458a (webtiles) character file.

Game seed: 11368004410088329803

6513 Locuples the Covert (level 10, -2/67 HPs)
             Began as a Demonspawn Brigand on July 12, 2022.
             Was a Believer of Dithmenos.
             Slain by Snorg (6 damage)
             ... on level 10 of the Dungeon.
             The game lasted 00:29:48 (10384 turns).

Locuples the Covert (Demonspawn Brigand)           Turns: 10384, Time: 00:29:49

Health: -2/67      AC: 11    Str: 17    XL:     10   Next: 69%
Magic:  10/10      EV: 12    Int: 12    God:    Dithmenos [**....]
Gold:   486        SH:  5    Dex: 18    Spells: 9/9 levels left

rFire   . . .      SeeInvis +   I - +2 dagger (vamp)
rCold   . . .      Faith    .   (no shield)
rNeg    . . .      Spirit   .   b - +2 robe of the Voracious God {rElec rCorr Dex+4}
rPois   +          Reflect  +   y - +0 helmet
rElec   +          Harm     .   F - +2 cloak
rCorr   +          Rampage  .   (no gloves)
Will    .....                   (no boots)
Stlth   +++++++...              j - amulet of reflection
HPRegen 0.21/turn               A - ring of see invisible
MPRegen 0.12/turn               l - ring of poison resistance

@: flying, wreathed by umbra
A: thin metallic scales 2, demonic guardian 3, demonic touch 2
a: Renounce Religion, Shadow Step


You were on level 10 of the Dungeon.
You worshipped Dithmenos.
Dithmenos was pleased with you.
You visited 2 branches of the dungeon, and saw 11 of its levels.

You collected 486 gold pieces.

Inventory:

Hand Weapons
 I - a +2 vampiric dagger (weapon)
Missiles
 d - 23 poisoned darts (quivered)
 e - 4 curare-tipped darts
 n - 2 throwing nets
Armour
 b - the +2 robe of the Voracious God (worn) {rElec rCorr Dex+4}
   (You found it on level 10 of the Dungeon)

   Dex:       It affects your dexterity (+4).
   rElec:     It insulates you from electricity.
   rCorr:     It protects you from acid and corrosion.
 y - a +0 helmet (worn)
 F - a +2 cloak (worn)
 H - +0 steam dragon scales
Jewellery
 f - a ring of protection from fire
 j - an amulet of reflection (around neck)
 l - a ring of poison resistance (right hand)
 t - a ring of protection from cold
 A - a ring of see invisible (left hand)
Wands
 a - a wand of mindburst (3)
 v - a wand of paralysis (2)
 x - a wand of quicksilver (9)
 E - a wand of digging (8)
Scrolls
 g - 2 scrolls of immolation {unknown}
 i - 2 scrolls of teleportation
 k - a scroll of brand weapon
 p - 2 scrolls of enchant armour {unknown}
 q - a scroll of magic mapping {unknown}
 r - 2 scrolls of summoning {unknown}
 s - a scroll of blinking
 B - a scroll of acquirement {unknown}
 D - a scroll of vulnerability {unknown}
Potions
 h - a potion of flight
 m - a potion of degeneration {unknown}
 o - a potion of heal wounds {unknown}
 u - 3 potions of lignification
 w - a potion of berserk rage {unknown}
 z - a potion of mutation {unknown}
 C - a potion of ambrosia {unknown}
 G - a potion of curing {unknown}


   Skills:
 + Level 2.2 Fighting
 + Level 9.3 Short Blades
 - Level 1.7 Throwing
 + Level 1.4 Dodging
 * Level 13.3 Stealth


You had 9 spell levels left.
You didn't know any spells.
Your spell library contained the following spells:

 Spells                   Type           Power      Damage    Failure   Level
 Slow                     Hex            0%         N/A       32%         1
 Poisonous Vapours        Pois/Air       0%         N/A       45%         2
 Confusing Touch          Hex            0%         N/A       69%         3
 Gell's Gravitas          Tloc           0%         N/A       69%         3
 Lesser Beckoning         Tloc           0%         N/A       69%         3
 Ozocubu's Armour         Ice            0%         N/A       69%         3
 Teleport Other           Tloc           0%         N/A       69%         3
 Vampiric Draining        Necr           0%         2d6       69%         3
 Corpse Rot               Necr/Pois/Air  0%         N/A       97%         4
 Metabolic Englaciation   Hex/Ice        0%         N/A       100%        5
 Simulacrum               Ice/Necr       0%         N/A       100%        6


Dungeon Overview and Level Annotations

Branches:
Dungeon (10/15)            Temple (1/1) D:4
   Lair: D:8-11         Orc: D:9-12

Altars:
Ashenzari
Cheibriados
Dithmenos
Fedhas
Gozag
Kikubaaqudgha
Makhleb
Nemelex Xobeh
Okawaru
Qazlal
Ru
Sif Muna
Trog
Uskayaw
Vehumet
Wu Jian
Xom
Yredelemnul
Lugonu

Annotations:
D:8 Amaemon
D:10 Snorg


Innate Abilities, Weirdness & Mutations

You are mostly covered in thin metallic scales. (AC +3)
A powerful demonic guardian rushes to your aid.
Your touch may inflict irresistible damage on your foes.


Message History

Snorg is moderately wounded.
You hit Snorg.
You feel better.
Your touch misses Snorg.
Snorg is moderately wounded.
Snorg barely misses you. Snorg claws you. x2
You hit Snorg.
You feel better.
Snorg is moderately wounded.
Snorg goes berserk!
You hit Snorg.
Snorg is moderately wounded.
You hit Snorg.
You feel better.
You touch Snorg!
Snorg is moderately wounded.
You block Snorg's attack. Snorg claws you! Snorg claws you.
You hit Snorg but do no damage.
Snorg is moderately wounded.
Snorg completely misses you. You block Snorg's attack. Snorg claws you!
You hit Snorg.
You feel better.
Snorg is moderately wounded.
Snorg barely misses you. Snorg claws you. Snorg misses you.
You hit Snorg.
You feel better.
Your touch misses Snorg.
Snorg is heavily wounded.
Snorg barely misses you. You block Snorg's attack. Snorg misses you.
You hit Snorg.
You feel better.
Your touch misses Snorg.
Snorg is heavily wounded.
You block Snorg's attack. Snorg misses you. Snorg claws you!
You hit Snorg.
You feel better.
Your touch misses Snorg.
Snorg is heavily wounded.
Snorg misses you. Snorg claws you but does no damage. Snorg closely misses you.
It was a potion of flight.
You feel very buoyant.
You fly up into the air.
Snorg bites you but does no damage. Snorg claws you!
* * * LOW HITPOINT WARNING * * *
A demonic guardian appears!
Snorg claws you but does no damage. Snorg closely misses you. Snorg claws you!
* * * LOW HITPOINT WARNING * * *
You block Snorg's attack. Snorg closely misses you.
Snorg claws you but does no damage. Snorg closely misses you.
Your sun demon hits Snorg!!
Snorg is engulfed in flames!
Snorg misses you. Snorg claws you but does no damage. Snorg claws you.
You die...

#.>...............
####...............##
##.#..##......#..... #
###.)....#......###..# #
#.....#.........#.....##
#.....####........##....
#...#.##.......<.. #>..#
##.##............. ##..#
#...3.T@..........##..)#
#......#..#...).............#
.......####..................
.>......##...................
###........_.................
#.........._...............
...........................
#......_..⌠.._..............
...........).###....#.


You could see Snorg (berserk, ally target) and a friendly sun demon (summoned).

Vanquished Creatures
  Pikel (D:5)
  Maurice (D:10)
  Joseph (D:10)
  2 wyverns (D:10)
  A vampire (D:9)
  A steam dragon (D:9)
  2 yaks
  2 water moccasins
  2 black bears
  2 ice beasts
  A sky beast (D:7)
  An ogre (D:6)
  A centaur (D:10)
  3 wolves
  4 lemures (D:5)
  A kobold brigand (D:9)
  2 bullfrogs
  3 gnoll sergeants
  4 scorpions
  2 necrophages
  5 killer bees (D:10)
  A hound (D:6)
  4 jellies
  A gnoll bouda (D:6)
  Natasha (D:2)
  Terence (D:3)
  6 adders
  16 gnolls
  2 shadow imps
  2 ufetubi
  A worm (D:4)
  2 dart slugs
  10 orcs
  11 endoplasms
  7 giant cockroaches
  4 goblins
  7 hobgoblins
  8 jackals
  A quokka (D:1)
  6 ball pythons
  5 bats
  6 frilled lizards
  10 kobolds
  6 rats
160 creatures vanquished.

Vanquished Creatures (collateral kills)
  Nergalle (D:10)
  2 wyverns
  Grum (D:8)
  2 yaks (D:10)
  An acid dragon (D:10)
  A water moccasin (D:5)
  2 orc warriors (D:9)
  A necrophage (D:4)
  2 scorpions (D:6)
  A wight (D:7)
  A hound (D:4)
  An orc wizard (D:9)
  Natasha (D:2)
  2 adders
  2 gnolls (D:6)
  3 orcs
  2 kobolds (D:9)
  A frilled lizard (D:3)
  A rat (D:3)
28 creatures vanquished.

Grand Total: 188 creatures vanquished

Notes
Turn   | Place    | Note
-------+----------+-------------------------------------------
     0 | D:1      | Locuples the Demonspawn Brigand began the quest for the
                  | Orb.
     0 | D:1      | Reached XP level 1. HP: 16/16 MP: 1/1
     1 | D:1      | Found a runed translucent door.
   132 | D:1      | Reached skill level 4 in Stealth
   299 | D:1      | Gained mutation: A weak demonic guardian rushes to your
                  | aid. [demonic ancestry]
   299 | D:1      | Reached XP level 2. HP: 17/22 MP: 2/2
   566 | D:1      | Found a faded altar of an unknown god.
   936 | D:1      | Gained mutation: A demonic guardian rushes to your aid.
                  | [demonic ancestry]
   936 | D:1      | Reached XP level 3. HP: 14/27 MP: 3/3
  1389 | D:2      | Reached XP level 4. HP: 33/33 MP: 4/4
  1545 | D:2      | Noticed Natasha
  1560 | D:2      | Killed Natasha
  1561 | D:2      | Reached skill level 5 in Stealth
  2036 | D:2      | Noticed Natasha
  2048 | D:2      | Killed Natasha
  2332 | D:3      | Noticed a +0 falchion
  2332 | D:3      | Noticed a +0 short sword
  2332 | D:3      | Noticed a +0 spear
  2332 | D:3      | Noticed a +0 falchion
  2332 | D:3      | Noticed a +0 spear
  2332 | D:3      | Noticed a +0 short sword
  2332 | D:3      | Noticed a +0 dagger
  2332 | D:3      | Noticed a +0 dagger
  2332 | D:3      | Found a hide-covered altar of Uskayaw.
  2453 | D:3      | Gained mutation: Your touch may inflict minor irresistible
                  | damage on your foes. [demonic ancestry]
  2453 | D:3      | Reached XP level 5. HP: 32/38 MP: 5/5
  2574 | D:3      | Noticed Terence
  2582 | D:3      | Killed Terence
  3332 | D:4      | Gained mutation: You are partially covered in thin metallic
                  | scales. (AC +2) [demonic ancestry]
  3332 | D:4      | Reached XP level 6. HP: 29/44 MP: 6/6
  3446 | D:4      | Found a burning altar of Makhleb.
  3527 | D:4      | Reached skill level 6 in Stealth
  3796 | D:4      | Found a snail-covered altar of Cheibriados.
  4132 | D:4      | Found a staircase to the Ecumenical Temple.
  4141 | Temple   | Entered the Ecumenical Temple
  4167 | Temple   | Became a worshipper of Dithmenos the Shadowed
  4601 | D:5      | Entered Level 5 of the Dungeon
  4619 | D:5      | Gained mutation: A powerful demonic guardian rushes to your
                  | aid. [demonic ancestry]
  4619 | D:5      | Reached XP level 7. HP: 41/50 MP: 7/7
  4746 | D:5      | Reached skill level 5 in Short Blades
  4934 | D:5      | Noticed Pikel
  5201 | D:5      | Killed Pikel
  5202 | D:5      | Reached skill level 7 in Stealth
  5202 | D:5      | Gained mutation: Your touch may inflict irresistible damage
                  | on your foes. [demonic ancestry]
  5202 | D:5      | Reached XP level 8. HP: 40/56 MP: 8/8
  5391 | D:5      | Found a blossoming altar of Fedhas.
  5438 | D:5      | Reached skill level 8 in Stealth
  6175 | D:6      | Found a basalt altar of Yredelemnul.
  6254 | D:6      | Reached skill level 9 in Stealth
  6432 | D:6      | Reached * piety under Dithmenos
  6799 | D:6      | Reached XP level 9. HP: 51/61 MP: 9/9
  7402 | D:7      | Reached skill level 10 in Stealth
  7566 | D:8      | Noticed Grum
  7570 | D:8      | Noticed Amaemon
  8019 | D:8      | Noticed an orange demon
  8086 | D:8      | Reached skill level 11 in Stealth
  8098 | D:8      | HP: 2/61 [Grum/+0 spear (18)]
  8102 | D:8      | Killed Grum
  8768 | D:9      | Reached ** piety under Dithmenos
  8780 | D:9      | Gained mutation: You are mostly covered in thin metallic
                  | scales. (AC +3) [demonic ancestry]
  8780 | D:9      | Reached XP level 10. HP: 38/67 MP: 5/10
  9046 | D:9      | Noticed a two-headed ogre
  9067 | D:9      | HP: 1/67 [two-headed ogre/+0 giant spiked club (23)]
  9509 | D:10     | Entered Level 10 of the Dungeon
  9510 | D:10     | Noticed Joseph
  9517 | D:10     | Killed Joseph
  9518 | D:10     | Reached skill level 12 in Stealth
  9595 | D:10     | Noticed Maurice
  9620 | D:10     | Killed Maurice
  9996 | D:10     | Identified the +2 robe of the Voracious God {rElec rCorr
                  | Dex+4}
 10038 | D:10     | Reached skill level 13 in Stealth
 10192 | D:10     | Found a shimmering blue altar of Sif Muna.
 10195 | D:10     | Found an ancient bone altar of Kikubaaqudgha.
 10196 | D:10     | Found a shimmering altar of Xom.
 10196 | D:10     | Found a sacrificial altar of Ru.
 10197 | D:10     | Found an opulent altar of Gozag.
 10198 | D:10     | Found a stormy altar of Qazlal.
 10214 | D:10     | Noticed Nergalle
 10231 | D:10     | Killed Nergalle
 10232 | D:10     | Reached skill level 1 in Dodging
 10356 | D:10     | Noticed Snorg
 10380 | D:10     | HP: 3/67 [Snorg (10)]
 10384 | D:10     | Slain by Snorg

Illustrated notes

Levels and vault maps discovered:
D:1:      dpeg_arrival_caged_fury, layout_basic, basic_ecumenical_altar
D:2:      layout_loops_ring, uniq_natasha
D:3:      layout_loops_cross, nicolae_uskayaw_en_pointe, uniq_terence
D:4:      layout_gridville, cheibriados_altar_1, bloody_makhleb,
          minmay_temple_entry_purple_smoke
D:5:      layout_rooms, mainiacjoe_overflow_six_doors_small,
          serial_corexii_hall, chequers_hall_statues_wall_a,
          corexii_hall_statues_s, corexii_hall_statues_x,
          corexii_hall_statues_i, corexii_hall_statues_l,
          chequers_hall_statues_y, uniq_pikel
D:6:      layout_basic, dreamdust_divine_triumvirate, mainiacjoe_overflow_paths,
          kennysheep_small_square
D:7:      layout_cave_pools, serial_shops, nicolae_shop_window_shopping,
          uniq_maggie
D:8:      layout_cave_pools, nicolae_hepliaklqana_hippocampus, lair_entry_dummy,
          wad_mini_maze, uniq_grum, uniq_amaemon, uniq_prince_ribbit1
D:9:      layout_roguey, nicolae_concentric_dashed_squares_mild,
          statue_in_the_mist_lemuel, minmay_statues_item
D:10:     layout_cave_pools, grunt_temple_overflow_open, uniq_joseph,
          uniq_nergalle, uniq_maurice, uniq_snorg
Temple:   corrupted_temple

Skill      XL: |  1  2  3  4  5  6  7  8  9 10 |
---------------+-------------------------------+-----
Stealth        | 4 5 6 7 9 11 13 | 13.3
Short Blades   | 2 3 4 5 7 8 9 |  9.3
Dodging        | 1 |  1.4
Fighting       | |  2.2
Throwing       | |  1.7

Action                   |  1- 3 |  4- 6 |  7- 9 | 10-12 || total
-------------------------+-------+-------+-------+-------++-------
Melee: Dagger            |   124 |   184 |   372 |   120 ||   800
       Punch             |     1 |       |     3 |     1 ||     5
       Touch             |       |    27 |    79 |    24 ||   130
Throw: Dart              |       |       |     1 |       ||     1
Invok: Shadow Step       |       |       |     1 |       ||     1
  Use: Potion            |     2 |     1 |     4 |     3 ||    10
       Scroll            |       |     5 |     8 |     1 ||    14
 Stab: Sleeping          |     5 |     8 |    10 |     2 ||    25
       Distracted        |     1 |     1 |       |     1 ||     3
       Invisible         |       |       |     4 |     1 ||     5
       Fleeing           |       |       |     2 |       ||     2
Armor: Robe              |    27 |    38 |    57 |    28 ||   150
       Skin              |       |       |    31 |       ||    31
       Steam dragon scal |       |       |     8 |     7 ||    15
Dodge: Dodged            |    72 |   111 |   118 |    70 ||   371
Block: Other             |       |       |    69 |    22 ||    91
       Reflection        |       |       |     1 |       ||     1

Table legend: (Time is in decaauts)
 A = Elapsed time spent in this place.
 B = Non-inter-level travel time spent in this place.
 C = Inter-level travel time spent in this place.
 D = Time resting spent in this place.
 E = Time spent auto-exploring this place.
 F = Levels seen in this place.
 G = Mean time per level.
                   A        B        C        D        E       F      G
               +--------+--------+--------+--------+--------+-----+--------+
         Total |  10149 |  10149 |      0 |   2066 |   5989 |  11 |  922.6 |
       Dungeon |  10100 |  10100 |      0 |   2066 |   5961 |  10 | 1010.0 |
        Temple |     49 |     49 |      0 |      0 |     28 |   1 |   49.0 |
               +--------+--------+--------+--------+--------+-----+--------+

Top non-repeatable levels by time:
     D:4: 1606 daAuts
     D:9: 1456 daAuts
     D:5: 1323 daAuts
     D:2: 1212 daAuts
     D:6: 1183 daAuts
     D:1: 1101 daAuts
    D:10: 826 daAuts
     D:3: 793 daAuts
     D:8: 490 daAuts
     D:7: 106 daAuts
  Temple: 49 daAuts
